 Dungeon Crawl Stone Soup version 0.26-a0-720-g2a1d101370 (webtiles) character file.

Game seed: 713438853911749761

355 robertstho the Chiller (level 6, -4/44 HPs)
             Began as a Gnoll Ice Elementalist on Nov 2, 2020.
             Slain by an ogre
             ... wielding a +0 giant spiked club
              (20 damage)
             ... on level 4 of the Dungeon.
             The game lasted 00:03:42 (2106 turns).

robertstho the Chiller (Gnoll Ice Elementalist)     Turns: 2106, Time: 00:03:43

Health: -4/44      AC: 10    Str: 11    XL:     6   Next: 63%
Magic:  3/14       EV: 15    Int: 19    God:
Gold:   144        SH:  0    Dex: 15    Spells: 8/15 levels left

rFire    . . .     SeeInvis .   h - +0 halberd
rCold    . . .     Faith    .   (shield currently unavailable)
rNeg     . . .     Spirit   .   a - +0 robe
rPois    .         Reflect  .   (no helmet)
rElec    .         Harm     .   (no cloak)
rCorr    .         Rampage  .   (no gloves)
MR       .....                  v - +0 pair of boots (curse)
Stlth    +++.......             (no amulet)
HPRegen  0.14/turn              (no ring)
MPRegen  0.14/turn              (no ring)

@: icy armour, frozen ramparts
A: distributed training, fangs 1, strong nose
a: no special abilities


You were on level 4 of the Dungeon.
You visited 1 branch of the dungeon, and saw 4 of its levels.

You collected 144 gold pieces.

Inventory:

Hand Weapons
 b - a +0 dagger
 h - a +0 halberd (weapon)
Armour
 a - a +0 robe (worn)
 v - a cursed +0 pair of boots (worn)
Jewellery
 t - an uncursed amulet of magic regeneration {unknown}
 u - an uncursed ring of stealth {unknown}
Scrolls
 c - a scroll of random uselessness {unknown}
 e - 3 scrolls of identify {unknown}
 k - 9 scrolls of remove curse {unknown}
 n - a scroll of magic mapping {unknown}
 o - 2 scrolls of teleportation {unknown}
 q - a scroll of amnesia {unknown}
 s - a scroll of enchant armour {unknown}
 w - a scroll of enchant weapon {unknown}
Potions
 d - a potion of flight {unknown}
 f - a potion of brilliance {unknown}
 g - 2 potions of stabbing {unknown}
 i - a potion of curing
 j - a potion of haste {unknown}
 l - a potion of might {unknown}
 m - a potion of cancellation {unknown}
 p - a potion of lignification {unknown}
 r - a potion of degeneration {unknown}


   Skills:
 + Level 2.0 Fighting
 + Level 2.0 Short Blades
 + Level 2.0 Long Blades
 + Level 2.0 Axes
 + Level 2.0 Maces & Flails
 + Level 2.0 Polearms
 + Level 2.0 Staves
 + Level 2.0 Slings
 + Level 2.0 Bows
 + Level 2.0 Crossbows
 + Level 2.0 Throwing
 + Level 2.0 Armour
 + Level 5.0 Dodging
 + Level 4.6 Stealth
 + Level 2.0 Shields
 + Level 2.0 Unarmed Combat
 + Level 5.4 Spellcasting
 + Level 1.6 Conjurations
 + Level 1.6 Hexes
 + Level 1.6 Summonings
 + Level 1.6 Necromancy
 + Level 1.6 Translocations
 + Level 1.6 Transmutations
 + Level 1.6 Fire Magic
 + Level 7.3 Ice Magic
 + Level 1.6 Air Magic
 + Level 1.6 Earth Magic
 + Level 1.6 Poison Magic
 + Level 2.2 Invocations
 + Level 2.0 Evocations


You had 8 spell levels left.
You knew the following spells:

 Your Spells              Type           Power        Failure   Level
a - Freeze                Ice            ####         1%          1
b - Frozen Ramparts       Ice            ####..       1%          3
c - Ozocubu's Armour      Ice            ####....     1%          3

Your spell library contained the following spells:

 Spells                   Type           Power        Failure   Level
 Hailstorm                Conj/Ice       ###.....     19%         4
 Summon Ice Beast         Ice/Summ       ###.....     19%         4


Dungeon Overview and Level Annotations

Branches:
Dungeon (3/15)             Temple (0/1) D:4

Altars:
Dithmenos
Nemelex Xobeh
Xom


Innate Abilities, Weirdness & Mutations

Your experience applies equally to all skills.
You have very sharp teeth.
Your uncanny sense of smell can sniff out nearby items.


Message History

The ogre is severely wounded.
Unknown command.
Casting: Freeze (safe; 1% risk of failure)
Confirm with . or Enter, or press ? or * to list all spells.
Aiming: Freeze (safe; 1% risk of failure)
Press: ? - help, Shift-Dir - straight line, f/p - ogre
Aim: an ogre, wielding a +0 giant spiked club (severely wounded)
You freeze the ogre.
The ogre is severely wounded.
The ogre completely misses you.
Unknown command.
Casting: Freeze (safe; 1% risk of failure)
Confirm with . or Enter, or press ? or * to list all spells.
Aiming: Freeze (safe; 1% risk of failure)
Press: ? - help, Shift-Dir - straight line, f/p - ogre
Aim: an ogre, wielding a +0 giant spiked club (severely wounded)
You freeze the ogre.
The ogre is almost dead.
The ogre hits you with a +0 giant spiked club!!
You die...

###......##.
######.##.###.##.
#.......#.# #.##.
##.####.##.#
#.#..
#..........#
####.
#....########
#..(........#
#.Oh........#
#@..[.#.....# ∆
#####.#.....#
#.#.....#
#.o.o...+
###..s..###...
####........
#......##
#..O...# #......#


You could see an ogre and a jackal.

Vanquished Creatures
  A gnoll sergeant (D:3)
  A scorpion (D:4)
  A hound (D:4)
  Natasha (D:3)
  9 gnolls
  5 adders (D:2)
  A dart slug (D:1)
  A leopard gecko (D:1)
  An orc (D:4)
  2 ball pythons
  3 giant cockroaches
  4 goblins
  7 hobgoblins
  3 jackals
  6 kobolds
  2 quokkas (D:4)
  3 bats (D:1)
  3 frilled lizards
  8 rats
62 creatures vanquished.

Notes
Turn   | Place    | Note
-------+----------+-------------------------------------------
     0 | D:1      | robertstho the Gnoll Ice Elementalist began the quest for
                  | the Orb.
     0 | D:1      | Reached XP level 1. HP: 13/13 MP: 6/6
   105 | D:1      | Reached XP level 2. HP: 17/19 MP: 5/7
   558 | D:1      | Reached XP level 3. HP: 24/25 MP: 9/9
   730 | D:2      | Reached skill level 5 in Spellcasting
   738 | D:2      | Learned a level 3 spell: Frozen Ramparts
   742 | D:2      | Learned a level 3 spell: Ozocubu's Armour
   792 | D:2      | Reached skill level 1 in Invocations
   792 | D:2      | Reached skill level 1 in Fighting
   792 | D:2      | Reached skill level 1 in Short Blades
   792 | D:2      | Reached skill level 1 in Long Blades
   792 | D:2      | Reached skill level 1 in Axes
   792 | D:2      | Reached skill level 1 in Maces & Flails
   792 | D:2      | Reached skill level 1 in Polearms
   792 | D:2      | Reached skill level 1 in Staves
   792 | D:2      | Reached skill level 1 in Slings
   792 | D:2      | Reached skill level 1 in Bows
   792 | D:2      | Reached skill level 1 in Crossbows
   792 | D:2      | Reached skill level 1 in Throwing
   792 | D:2      | Reached skill level 1 in Armour
   792 | D:2      | Reached skill level 1 in Shields
   792 | D:2      | Reached skill level 1 in Unarmed Combat
   792 | D:2      | Reached skill level 1 in Evocations
   796 | D:2      | Reached XP level 4. HP: 32/32 MP: 7/11
   898 | D:2      | Found a sparkling altar of Nemelex Xobeh.
   958 | D:2      | Reached skill level 1 in Conjurations
   958 | D:2      | Reached skill level 1 in Hexes
   958 | D:2      | Reached skill level 1 in Summonings
   958 | D:2      | Reached skill level 1 in Necromancy
   958 | D:2      | Reached skill level 1 in Translocations
   958 | D:2      | Reached skill level 1 in Transmutations
   958 | D:2      | Reached skill level 1 in Fire Magic
   958 | D:2      | Reached skill level 1 in Air Magic
   958 | D:2      | Reached skill level 1 in Earth Magic
   958 | D:2      | Reached skill level 1 in Poison Magic
  1126 | D:2      | Found a shadowy altar of Dithmenos.
  1343 | D:2      | Reached XP level 5. HP: 32/37 MP: 8/12
  1636 | D:3      | Noticed Natasha
  1665 | D:3      | Reached XP level 6. HP: 27/44 MP: 7/13
  1717 | D:3      | Killed Natasha
  1806 | D:3      | Found a shimmering altar of Xom.
  1807 | D:3      | Found a shimmering altar of Xom.
  1808 | D:3      | Found a shimmering altar of Xom.
  1808 | D:3      | Found a shimmering altar of Xom.
  1821 | D:3      | Found a shimmering altar of Xom.
  1882 | D:3      | You fall into a shaft and drop 1 floor!
  1937 | D:4      | Found a staircase to the Ecumenical Temple.
  2046 | D:4      | Reached skill level 5 in Dodging
  2106 | D:4      | Slain by an ogre

Illustrated notes

Levels and vault maps discovered:
D:1:      dpeg_arrival_shelter, layout_loops_ring
D:2:      layout_loops_ring, nemelex_xobeh_ov_fountains_minmay,
          nicolae_dithmenos_through_a_glass_darkly
D:3:      layout_basic, xom_redecorated, nicolae_overflow_crystal_walls,
          nicolae_overflow_hidden_temple, overflow_temple_1_default,
          uniq_natasha
D:4:      layout_basic, minmay_temple_entry_statues_fountains

Skill      XL: |  1  2  3  4  5  6 |
---------------+-------------------+-----
Spellcasting   | 5 |  5.4
Invocations    | 1 2 |  2.2
Fighting       | 1 2 |  2.0
Short Blades   | 1 2 |  2.0
Long Blades    | 1 2 |  2.0
Axes           | 1 2 |  2.0
Maces & Flails | 1 2 |  2.0
Polearms       | 1 2 |  2.0
Staves         | 1 2 |  2.0
Slings         | 1 2 |  2.0
Bows           | 1 2 |  2.0
Crossbows      | 1 2 |  2.0
Throwing       | 1 2 |  2.0
Armour         | 1 2 |  2.0
Shields        | 1 2 |  2.0
Unarmed Combat | 1 2 |  2.0
Evocations     | 1 2 |  2.0
Conjurations   | 1 |  1.6
Hexes          | 1 |  1.6
Summonings     | 1 |  1.6
Necromancy     | 1 |  1.6
Translocations | 1 |  1.6
Transmutations | 1 |  1.6
Fire Magic     | 1 |  1.6
Air Magic      | 1 |  1.6
Earth Magic    | 1 |  1.6
Poison Magic   | 1 |  1.6
Dodging        | 5 |  5.0
Stealth        | |  4.6
Ice Magic      | |  7.3

Action                   |  1- 3 |  4- 6 || total
-------------------------+-------+-------++-------
Melee: Dagger            |    37 |       ||    37
       Bite              |     2 |     4 ||     6
       Halberd           |       |    42 ||    42
 Cast: Freeze            |    16 |     5 ||    21
       Frozen Ramparts   |     1 |    15 ||    16
       Ozocubu's Armour  |       |     1 ||     1
 Stab: Sleeping          |     4 |     5 ||     9
       Distracted        |     1 |       ||     1
Armor: Robe              |     4 |     9 ||    13
Dodge: Dodged            |    34 |    37 ||    71

Table legend: (Time is in decaauts)
 A = Elapsed time spent in this place.
 B = Non-inter-level travel time spent in this place.
 C = Inter-level travel time spent in this place.
 D = Time resting spent in this place.
 E = Time spent auto-exploring this place.
 F = Levels seen in this place.
 G = Mean time per level.
                   A        B        C        D        E       F      G
               +--------+--------+--------+--------+--------+-----+--------+
         Total |   2122 |   2071 |     51 |      0 |   1635 |   4 |  530.5 |
       Dungeon |   2122 |   2071 |     51 |      0 |   1635 |   4 |  530.5 |
               +--------+--------+--------+--------+--------+-----+--------+

Top non-repeatable levels by time:
     D:2: 862 daAuts
     D:1: 720 daAuts
     D:3: 313 daAuts
     D:4: 226 daAuts
